 Dungeon Crawl Stone Soup version 0.24.1 (console) character file.

Game seed: 4361669684969608150, levelgen mode: deterministic

72 OTRawrior the Conjurer (level 4, -4/24 HPs)
             Began as a Deep Elf Conjurer on Mar 27, 2020.
             Killed from afar by an orc wizard (7 damage)
             ... with a magic dart
             ... on level 2 of the Dungeon.
             The game lasted 00:05:57 (1209 turns).

OTRawrior the Conjurer (Deep Elf Conjurer)          Turns: 1209, Time: 00:05:58

Health: -4/24      AC:  2    Str:  6    XL:     4   Next: 7%
Magic:  0/10       EV: 13    Int: 20    God:
Gold:   35         SH:  0    Dex: 15    Spells: 6/9 levels left

rFire    . . .     SeeInvis .   c - +0 hand axe
rCold    . . .     Gourm    .   (no shield)
rNeg     . . .     Faith    .   a - +0 robe
rPois    .         Spirit   .   (no helmet)
rElec    .         Reflect  .   (no cloak)
rCorr    .         Harm     .   (no gloves)
MR       .....                  (no boots)
Stlth    ++........             (no amulet)
HPRegen  0.08/turn              (no ring)
MPRegen  0.12/turn              (no ring)

@: no status effects
A: no striking features
a: no special abilities


You were on level 2 of the Dungeon.
You were very full.

You visited 1 branch of the dungeon, and saw 2 of its levels.

You collected 35 gold pieces.

Inventory:

Hand Weapons
 c - a +0 hand axe (weapon)
Armour
 a - a +0 robe (worn)
Scrolls
 b - 2 scrolls of identify {unknown}
 e - 2 scrolls of teleportation {unknown}
 f - a scroll of magic mapping {unknown}
 g - a scroll of amnesia {unknown}
 h - a scroll of remove curse {unknown}
Potions
 d - a potion of flight {unknown}
 i - a potion of mutation {unknown}
Comestibles
 j - a ration
 k - a chunk of flesh


   Skills:
 - Level 2.4 Dodging
 - Level 2.4 Stealth
 - Level 3.0 Spellcasting
 + Level 6.2 Conjurations


You had 6 spell levels left.
You knew the following spells:

 Your Spells              Type           Power        Failure   Level  Hunger
a - Magic Dart            Conj           ####         1%          1    None
b - Searing Ray           Conj           ####..       1%          2    ##.....

Your spell library contained the following spells:

 Spells                   Type           Power        Failure   Level  Hunger
 Iskenderun's Mystic Bla  Conj           ####....     11%         4    ####...
 Dazzling Spray           Conj/Hex       ###...       12%         3    ###....
 Force Lance              Conj/Tloc      ###.....     36%         4    ####...
 Fulminant Prism          Conj/Hex       ###.......   36%         4    ####...


Dungeon Overview and Level Annotations

Branches:
Dungeon (2/15)

Altars:


Message History

You don't have enough magic to cast that spell.
Something hits you but does no damage.
You miss something. Something hits you but does no damage.
You hit something. Something hits you.
You miss something. Something hits you. Something hits you but does no damage.
You hit something.
You hear some strange, mumbled words.
A magic dart appears from out of thin air!
The magic dart hits you!
* * * LOW HITPOINT WARNING * * *
Casting: Magic Dart (safe; 1% risk of failure)
Confirm with . or Enter, or press ? or * to list all spells.
Aiming: Magic Dart (safe; 1% risk of failure)
Press: ? - help, Shift-Dir - straight line, f/p - orc
Aim: an orc, wielding a +0 short sword The magic dart hits something.
You hear some strange, mumbled words.
A magic dart appears from out of thin air!
The magic dart hits you!
You die...

#.###.....###### #.#......#
#.###.##..##...# #.#......#
#.....##..##...# #.#...†..#
########..##...####.#......#
...........[†......#......#
##......############.....(#
+.............. ........
#......##################
...........)@.o...?.......
##......#########.%.......
######## #.....†...
#......... #.........
#o).).!... #.........
#......... #.........


You could see an orc.

Vanquished Creatures
  An orc wizard (D:2)
  An adder (D:2)
  An ooze (D:2)
  A dart slug (D:1)
  2 giant cockroaches
  4 goblins (D:1)
  2 hobgoblins
  2 kobolds
  A quokka (D:2)
  A ball python (D:2)
  6 bats
  A frilled lizard (D:1)
  3 rats
26 creatures vanquished.

Vanquished Creatures (others)
  An orc wizard (D:2)
1 creature vanquished.

Grand Total: 27 creatures vanquished

Notes
Turn   | Place    | Note
-------+----------+-------------------------------------------
     0 | D:1      | OTRawrior the Deep Elf Conjurer began the quest for the
                  | Orb.
     0 | D:1      | Reached XP level 1. HP: 10/10 MP: 6/6
   169 | D:1      | Reached XP level 2. HP: 15/15 MP: 0/8
   316 | D:1      | Reached skill level 5 in Conjurations
   979 | D:2      | Reached XP level 3. HP: 19/19 MP: 5/9
  1187 | D:2      | Reached skill level 6 in Conjurations
  1192 | D:2      | Learned a level 2 spell: Searing Ray
  1202 | D:2      | Reached XP level 4. HP: 19/24 MP: 0/10
  1209 | D:2      | Killed from afar by an orc wizard

Levels and vault maps discovered:
D:1:      dpeg_arrival_castle, layout_loops_ring, bh_walls_and_bars
D:2:      layout_basic, cheibriados_altar_1, first_ration

Skill      XL: |  1  2  3 |
---------------+----------+-----
Conjurations   | 5 6 |  6.2
Dodging        | |  2.4
Stealth        | |  2.4
Spellcasting   | |  3.0

Action                   |  1- 3 |  4- 6 || total
-------------------------+-------+-------++-------
Melee: Unarmed           |     1 |       ||     1
       Hand axe          |       |     4 ||     4
 Cast: Magic Dart        |    54 |     2 ||    56
       Searing Ray       |     2 |       ||     2
  Eat: Ration            |     3 |       ||     3
Armor: Robe              |     1 |     1 ||     2
Dodge: Dodged            |     4 |       ||     4
